Cogmind - Beta 14 @@@ ROGUE MODE // 2025.01.04 @ 17:29:41 Player: Derk Result: Destroyed by D-53 Grenadier with Mini Grenade Launcher Performance ------------- Evolutions (0) 0 Regions Visited (2) 400 Robots Destroyed (10) 50 Value Destroyed (80) 80 Prototype IDs (1) 20 Alien Tech Used (0) 0 Bonus (0) 0 TOTAL SCORE: 550 Bonus ------- None Cogmind --------- Core Integrity 0/250 Matter 258/300 Energy 91/100 System Corruption 0% Temperature Cool (0) Movement Treading (320) Ox2 Location -10/Mines Parts ------- > --- POWER (1) -------- (None) > --- PROPULSION (2) --- Light Treads > --- UTILITY (2) ------ High-capacity Storage Unit Seismic Detector > --- WEAPON (2) ------- (None) > --- INVENTORY (20) --- Light Ion Engine Aluminum Leg Aluminum Leg Compact Wheel Large Matter Pod (0) Visual Processing Unit Seismic Detector EM Shotgun EM Shotgun Medium Laser Light Assault Rifle Light Assault Rifle Faulty Improved Assault Rifle Light Cannon Grenade Launcher Mining Laser Hammer Mining Claw Peak State ------------ > --- POWER ------------ Light Ion Engine > --- PROPULSION ------- Compact Wheel Compact Wheel > --- UTILITY ---------- High-capacity Storage Unit Seismic Detector > --- WEAPON ----------- Improved Assault Rifle Improved Assault Rifle > --- INVENTORY -------- Light Ion Engine Light Treads Light Treads Aluminum Leg Aluminum Leg Large Matter Pod Visual Processing Unit Seismic Detector EM Shotgun EM Shotgun Medium Laser Light Assault Rifle Light Assault Rifle Improved Assault Rifle Light Cannon Grenade Launcher Mining Laser Hammer Mining Claw [Rating: 13] Favorites ----------- Power Light Ion Engine Engine Light Ion Engine Propulsion Compact Wheel Treads Light Treads Wheel Compact Wheel Utility Seismic Detector Device Seismic Detector Storage High-capacity Storage Unit Weapon Light Assault Rifle Energy Gun EM Pulse Gun Ballistic Gun Light Assault Rifle Launcher Grenade Launcher Build | -11 -10 -10 ------- Run | Yrd Mat Min Slots Evolved . | . . . Power . | . . . Propulsion . | . . . Utility . | . . . Weapon . | . . . Parts Attached 15 | 8 3 4 Power 1 | 1 . . Engine 1 | 1 . . Core . | . . . Reactor . | . . . Propulsion 4 | 2 . 2 Treads 2 | . . 2 Leg . | . . . Wheel 2 | 2 . . Hover . | . . . Flight . | . . . Utility 5 | 3 2 . Device 3 | 2 1 . Storage 2 | 1 1 . Processor . | . . . Hackware . | . . . Protection . | . . . Artifact . | . . . Weapon 5 | 2 1 2 Energy Gun 1 | 1 . . Energy Cannon . | . . . Ballistic Gun 3 | 1 1 1 Ballistic Cannon . | . . . Launcher 1 | . . 1 Special Weapon . | . . . Impact Weapon . | . . . Slashing Weapon . | . . . Piercing Weapon . | . . . Special Melee Weapon . | . . . Unidentified Prototypes 1 | . 1 . Parts Lost 5 | . . 5 Power 1 | . . 1 Propulsion 2 | . . 2 Utility . | . . . Weapon 2 | . . 2 Highest Loss Streak 5 | . . 5 To Critical Strikes . | . . . Average Slot Usage (%) 99 | . 100 95 Engine 13 | . 14 9 Wheel 27 | . 28 18 Device 14 | . 14 14 Storage 14 | . 14 14 Energy Gun 6 | . 6 . Ballistic Gun 21 | . 21 28 Peak Build Rating 13 | 7 11 13 Average Rating 8 | 5 9 11 On Entrance 6 | . 7 11 Naked Turns . | . . . Heaviest Build 50 | 12 48 50 Greatest Support 32 | 32 32 32 Greatest Overweight (x) 1 | . 1 1 Average Overweight (x) . | . . 1 Largest Inventory Capacity 20 | 8 20 20 Average Capacity 17 | 7 19 20 Most Carried 19 | 8 19 19 Average Carried 11 | 4 12 18 Final Capacity 20 | 8 20 20 Final Carried 19 | 7 19 18 Class Distribution -------------------- 100% | Mutant Dominant Class ---------------- Mutant | -10/Materials Mutant | -10/Mines Resources | -11 -10 -10 ----------- Run | Yrd Mat Min Matter Collected 355 | 288 67 . Remotely . | . . . Salvage Created 289 | 148 141 . Parts 20 | 9 11 . Haulers Intercepted 1 | . 1 . Recyclers Shooed . | . . . Parts Field Recycled . | . . . Retrieved Matter . | . . . Parts Self-Destructed . | . . . Prevented . | . . . Kills | -11 -10 -10 ------- Run | Yrd Mat Min Combat Hostiles Destroyed 3 | . 3 . Guns 3 | . 3 . Classes Destroyed 6 | 2 4 . Builder 1 | . 1 . Tunneler 3 | 3 . . Hauler 1 | . 1 . Recycler 1 | 1 . . Watcher 1 | . 1 . Swarmer 3 | . 3 . Best Kill Streak 4 | 4 3 . Combat Bots Only 3 | . 3 . Max Kills in Single Turn 1 | 1 1 . Gunslinging . | . . . Exploded . | . . . Melee . | . . . Uniques/NPCs Destroyed . | . . . Combat | -11 -10 -10 -------- Run | Yrd Mat Min Hostile Shots Fired 34 | . 16 18 Missed 5 | . 3 2 Damage Taken 840 | 22 106 712 Core 256 | . 34 222 Absorbed by Shields . | . . . Core Remaining (%) 100 | 100 . . Volleys Fired 26 | 8 13 5 Largest 2 | 2 2 2 Hottest 60 | 60 60 46 Shots Fired 51 | 16 26 9 Gun 51 | 16 26 9 Cannon . | . . . Launcher . | . . . Special . | . . . Kinetic 38 | 8 21 9 Thermal . | . . . Explosive . | . . . Electromagnetic 13 | 8 5 . Robot Hit Streak 7 | 7 5 7 Robot Miss Streak 2 | 2 2 1 Penetration Max . | . . . Secondary Targets . | . . . Shots Hit Robots 33 | 11 14 8 Core Hits 15 | 5 8 2 Critical Kills . | . . . Critical Parts Destroyed . | . . . Critical Strikes . | . . . Melee Attacks . | . . . Impact . | . . . Slashing . | . . . Piercing . | . . . Sneak Attacks . | . . . Combat Hostiles . | . . . Follow-up Attacks . | . . . Damage Inflicted 468 | 151 199 118 Guns 434 | 117 199 118 Cannons . | . . . Explosions 34 | 34 . . Melee . | . . . Ramming . | . . . Kinetic 290 | 23 149 118 Thermal 34 | 34 . . Explosive . | . . . Electromagnetic 144 | 94 50 . Impact . | . . . Slashing . | . . . Piercing . | . . . Highest Corruption . | . . . Average Corruption . | . . . Corruption Purged . | . . . Corruption Blocked . | . . . Overload Shots . | . . . Overflow Damage . | . . . Projectiles . | . . . Explosions . | . . . Melee . | . . . Knockbacks . | . . . Impact . | . . . Kinetic . | . . . Secondary . | . . . Self-Inflicted Damage 22 | 22 . . Shots 1 | 1 . . Rammed . | . . . Targets Rammed . | . . . Kicked . | . . . Crushed . | . . . Highest Temperature 40 | 40 20 . Average Temperature 11 | 18 7 . Received Heat Transfer . | . . . Siege Activations . | . . . Robots Corrupted . | . . . Combat Hostiles . | . . . Parts Fried 1 | 1 . . Impact Corruptions . | . . . Robots Melted . | . . . Combat Hostiles . | . . . Parts Melted . | . . . Heat Transferred 50 | 50 . . Parts Sabotaged . | . . . Parts Stolen . | . . . Parts Stripped . | . . . Power Chain Reactions 1 | 1 . . Alert | -11 -10 -10 ------- Run | Yrd Mat Min Peak Influence 150 | 20 150 . Initial 13 | . 13 . Average 51 | 7 64 . Maximum Alert Level . | . . . Low Security (%) 100 | 100 100 100 Level 1 . | . . . Level 2 . | . . . Level 3 . | . . . Level 4 . | . . . Level 5 . | . . . High Security . | . . . Max Security . | . . . Squads Dispatched . | . . . Investigation . | . . . Extermination . | . . . Reinforcement . | . . . Assault . | . . . Garrison . | . . . Intercept . | . . . Searches Triggered . | . . . Construction Impeded . | . . . Haulers Reinforced . | . . . Active Scanning Responses . | . . . Cargo Convoy Interrupts . | . . . Stealth | -11 -10 -10 --------- Run | Yrd Mat Min Distress Signals . | . . . Communications Jammed . | . . . Distress Signals . | . . . Times Spotted 6 | . 4 2 Peak Tracking Total 3 | . 3 2 Tactical Retreats . | . . . Traps | -11 -10 -10 ------- Run | Yrd Mat Min Traps Triggered . | . . . Indirectly . | . . . Trap Hack Attempts . | . . . Triggered . | . . . Disarmed . | . . . Reprogrammed . | . . . Reused . | . . . Traps Extracted . | . . . Installed . | . . . Triggered . | . . . Machines | -11 -10 -10 ---------- Run | Yrd Mat Min Machines Disabled . | . . . Max in Single Turn . | . . . Machines Repaired . | . . . Machines Dismantled . | . . . Machines Sabotaged . | . . . Overloaded Fab Kills . | . . . Hacking | -11 -10 -10 --------- Run | Yrd Mat Min Machines Accessed 3 | . 3 . Terminals 3 | . 3 . Fabricators . | . . . Repair Stations . | . . . Recycling Units . | . . . Scanalyzers . | . . . Garrison Access . | . . . Total Hacks 10 | . 10 . Successful 7 | . 7 . Failed 3 | . 3 . Catastrophic 1 | . 1 . Database Lockouts . | . . . Manual 4 | . 4 . Terminals 10 | . 10 . Fabricators . | . . . Repair Stations . | . . . Recycling Units . | . . . Scanalyzers . | . . . Garrison Access . | . . . Terminal Hacks 6 | . 6 . Robot Analysis 1 | . 1 . Branch Access Points 1 | . 1 . Locate Traps 2 | . 2 . Zone Layout 2 | . 2 . Fabricator Hacks . | . . . Repair Station Hacks . | . . . Recycling Unit Hacks . | . . . Scanalyzer . | . . . Garrison Access Hacks . | . . . Unauthorized Hacks 1 | . 1 . Terminals 1 | . 1 . Botnet 1 | . 1 . Fabricators . | . . . Repair Stations . | . . . Recycling Units . | . . . Scanalyzers . | . . . Garrison Access . | . . . Data Cores Recovered . | . . . Used . | . . . Hacking Detections 3 | . 3 . Full Trace Events . | . . . Feedback Events . | . . . Feedback Blocked . | . . . Robot Schematics Acquired . | . . . Robots Built . | . . . Authchips . | . . . Time . | . . . Total Robot Build Rating . | . . . Part Schematics Acquired . | . . . Parts Built . | . . . Authchips . | . . . Time . | . . . Total Part Build Rating . | . . . Parts Repaired . | . . . Time . | . . . Parts Recycled . | . . . Recycled Matter . | . . . Retrieved Matter . | . . . Retrieved Components . | . . . Parts Scanalyzed . | . . . Part Schematics Acquired . | . . . Parts Damaged . | . . . Bothacking | -11 -10 -10 ------------ Run | Yrd Mat Min Used RIF Installer . | . . . Robots Hacked . | . . . Non-combat . | . . . Combat . | . . . Robot Hacks Applied . | . . . Relay Couplers Released . | . . . Fabnet Peak Effective % . | . . . Robots Rewired . | . . . Allies Hacked . | . . . Hacks Repelled . | . . . Allies | -11 -10 -10 -------- Run | Yrd Mat Min Total Allies . | . . . Largest Group . | . . . Highest-Rated Group . | . . . Highest-Rated Ally . | . . . Total Orders . | . . . Ally Attacks . | . . . Total Damage . | . . . Kills . | . . . Allies Corrupted . | . . . Allies Melted . | . . . Intel | -11 -10 -10 ------- Run | Yrd Mat Min Robot Analysis Total 1 | . 1 . Derelict Logs Recovered . | . . . Drone Launches . | . . . Drone Recoveries . | . . . Exploration | -11 -10 -10 ------------- Run | Yrd Mat Min Turns Passed 564 | 98 438 28 Spaces Moved 391 | 56 328 7 Core 1 | 1 . . Treads . | . . . Legs . | . . . Wheels 390 | 55 328 7 Hover . | . . . Flight . | . . . Fastest Speed 50 | 50 100 115 Average Speed 111 | 99 113 115 Slowest Speed 115 | 100 115 115 Overloaded Moves . | . . . Propulsion Burnouts . | . . . Robots Hopped . | . . . Cave-ins Triggered . | . . . Exploration Rate (%) 16 | 4 38 8 Regions Visited 2 Branch Regions 1 Pre-discovered Areas . | . . . Known Exits Taken 1 | . 1 . Unknown Exits Taken 1 | 1 . . Scrap Searched . | . . . Spaces Dug . | . . . Terrain Destroyed 2 | 2 . . Melee . | . . . Projectile . | . . . AOE 2 | 2 . . Terrain Rammed . | . . . Walls Destroyed . | . . . Machines Disabled . | . . . Actions | -11 -10 -10 --------- Run | Yrd Mat Min Total 469 | 81 372 16 Wait 10 | . 10 . Move 389 | 55 327 7 Hop . | . . . Pick Up 22 | 8 14 . Fast Attach 8 | 7 1 . Attach 1 | . . 1 Detach . | . . . Swap 6 | 1 2 3 Drop 7 | 2 5 . Fire 26 | 8 13 5 Melee . | . . . Ram . | . . . Kick . | . . . Crush . | . . . Escape Stasis . | . . . Rewire . | . . . Trap . | . . . Miscellaneous . | . . . Route ------- -11/Scrapyard -10/Materials (discovered 3 exits: [Mat] / *Min / [*Sub]) -10/Mines History --------- Turn | Location | Event 24 | -11/Scrapyard | Discovered new exit (range 16) 99 | -11/Scrapyard | Entered Materials 143 | -10/Materials | Discovered new exit (range 12) 227 | -10/Materials | Discovered new exit (range 15) 304 | -10/Materials | Build established: Mutant 340 | -10/Materials | Identified exit to Mines 442 | -10/Materials | Discovered new exit (range 9) 537 | -10/Materials | Entered Mines 538 | -10/Mines | Assembled infested the area 558 | -10/Mines | Core integrity fell below 50% 562 | -10/Mines | Core integrity fell below 20% 565 | -10/Mines | Destroyed by D-53 Grenadier with Mini Grenade Launcher Last Messages --------------- 00465_ Dropped Welding Torch. 00494_ Acquired Mining Claw. 00497_ Acquired Seismic Detector. 00513_ Acquired Lrg. Matter Pod. LOCATION=MINES GOAL=ESCAPE 00538_ ALERT: Infestation in the mines, dispatching Demolisher response squad. 00547_ C-30 ARC bursts open, deploying its payload. 00547_ D-53 Grenadier unfolds itself. 00552_ The unstable cave ceiling collapses. 00555_ Lgt. Ion Engine destroyed. 00559_ U-05 Engineer lays Concrete. 00561_ Imp. Assault Rifle destroyed. 00561_ Lgt. Treads destroyed. 00561_ U-05 Engineer lays Concrete. 00563_ Com. Wheel destroyed. 00563_ Destroyed Shock Absorption System. 00563_ U-05 Engineer lays Concrete. 00565_ Imp. Assault Rifle destroyed. Map ----- +----------------------------------------------------+ | ?????????????????????????????????????????????????? | | ?????????????????????????????????????????????????? | | ?????????????????????????????????????????????????? | | ?????????????????????????????????????????????????? | | ?????????????????????????????????????????????????? | | ?????????????????????????????????????????????????? | | ?????????????????????????????????????????????????? | | ?????????????????????????????????????????????????? | | ?????????????????????????????????????????????????? | | ?????????????????????????????????????????????????? | | ?????????????????????????????????????????????????? | | ?????????????????????????????????????????????????? | | ?????????????????????????????????????????????????? | | ?????????????????????????????????????????????????? | | ?????????????????????????????????????????????????? | | ?????????????????????????????????????????????????? | | ?????????????????????????????????????????????????? | | ?????????????????????????????????????????????????? | | ?????????????????????????????????????????????????? | | ?????????????????????#########???????????????????? | | ?????????????????????# ????####????????????? | | ????????????????????## #### ##???????????? | | ????????????????????# ###?????????? | | ????????????????????# d #?????????? | | ????????????????????# duu % r ????????? | | ?????????????????#### @ ????????? | | ????????????????## # ##???????????????? | | ????????????????# ###????????????????? | | ????????????????# #??????????????????? | | ????????????????## #??????????????????? | | ?????????????????# #### #??????????????????? | | ?????????????????# #??# #?????????????????? | | ?????????????????# #??# ????????????????? | | ?????????????????## ##??# ??????????????? | | ??????????????????####??? #?????????????? | | ????????????????????????? #?????????????? | | ????????????????????????? ????????????? | | ????????????????????????? ### $????????????? | | ????????????????????????? ##??######????????????? | | ????????????????????????? #??????????????????????? | | ????????????????????????? ???????????????????????? | | ????????????????????????? ???????????????????????? | | ?????????????????????????????????????????????????? | | ?????????????????????????????????????????????????? | | ?????????????????????????????????????????????????? | | ?????????????????????????????????????????????????? | | ?????????????????????????????????????????????????? | | ?????????????????????????????????????????????????? | | ?????????????????????????????????????????????????? | | ?????????????????????????????????????????????????? | +----------------------------------------------------+ Best States ------------- Heat Dissipation 25 Energy Generation 10 Energy Capacity 125 Matter Stores 300 Matter Capacity 300 Sight Range 16 Terrain Scan Density 10 Evasion (%) 40 Recoil Reduction 1 Item Schematics ----------------- None Robot Schematics ------------------ None Fabricated ------------ Nothing Alien Tech Used ----------------- None Achievements -------------- None Challenges ------------ None Game ------ Seed BattleProcessingExoskeleton Manual? 0 Play Time 00:06:27 Cumulative 384.5 hours Start 2025.01.04 @ 17:24:06 End 2025.01.04 @ 17:29:41 Sessions 1 Manual Loads 0 Difficulty Rogue Special Mode None Game No. 163 Rogue 163 Adventurer 0 Explorer 0 Win Type - Total 13 Types 11/0/1/1/0/0/0/0/0 Lore% 67 Gallery% 78 Achievement% 67 Wizard Run 0 Options --------- Layout 0 ASCII 0 Keyboard 0 Movement Numpad Keybinds 0 Fullscreen 1 Font 24/Smallcaps Map View 76x50 Zoom Use 0% Tactical HUD 1 Map Filters NONE Filters NONE Steam 1 RUN: d49a7206-71fd-4ea9-90ff-29b29cb5baed